 Dungeon Crawl Stone Soup version 0.30-a0-122-g2a1322497e (webtiles) character file.

Game seed: 15045765415127249998

23 Chimkentus the Vexing (level 2, -1/12 HPs)
             Began as a Felid Enchanter on Sept 16, 2022.
             Was a Follower of the Shining One.
             Slain by an adder (3 damage)
             ... on level 2 of the Dungeon.
             The game lasted 00:07:10 (1348 turns).

Chimkentus the Vexing (Felid Enchanter)             Turns: 1348, Time: 00:07:10

Health: -1/12      AC:  1    Str:  2 (4)  XL:     2   Next: 75%
Magic:  6/6        EV: 17    Int: 15 (16) God:    the Shining One [*.....]
Gold:   56         SH:  6    Dex: 15 (16) Spells: 3/5 levels left
                                        Lives:  0   Deaths: 0

rFire   . . .      SeeInvis +      - Unarmed
rCold   . . .      Faith    .    (shield unavailable)
rNeg    . . .      Spirit   .    (body armour unavailable)
rPois   +          Reflect  .    (helmet unavailable)
rElec   .          Harm     .    (cloak unavailable)
rCorr   .          Rampage  .    (gloves unavailable)
Will    .....                    (boots unavailable)
Stlth   +.........               (no amulet)
HPRegen 0.04/turn                f - ring of poison resistance
MPRegen 0.10/turn                (no ring)

@: lethally poisoned (-1 -> -2), divinely shielded, glowing, quick
A: very small, claws 1, fangs 3, see invisible, speed 1, shaggy fur 1, stealthy
paws, no weapons or thrown items, no armour, multi-lived
a: Renounce Religion, Divine Shield


You were on level 2 of the Dungeon.
You worshipped the Shining One.
The Shining One was aware of your devotion.
You visited 1 branch of the dungeon, and saw 2 of its levels.

You collected 56 gold pieces.

Inventory:

Jewellery
 f - a ring of poison resistance (left paw)
Scrolls
 d - 2 scrolls of teleportation {unknown}
 e - a scroll of immolation
Potions
 a - 2 potions of invisibility
 c - a potion of magic


   Skills:
 * Level 1.1 Fighting
 + Level 2.8 Dodging
 + Level 4.3 Stealth
 + Level 1.2 Unarmed Combat
 + Level 2.1 Spellcasting
 + Level 4.7 Hexes
 * Level 0.2 Invocations


You had 3 spell levels left.
You knew the following spells:

 Your Spells              Type           Power      Damage    Failure   Level
a - Ensorcelled Hibernat  Hex/Ice        16%        N/A       12%         2

Your spell library contained the following spells:

 Spells                   Type           Power      Damage    Failure   Level
 Confusing Touch          Hex            15%        N/A       10%         3
 Tukima's Dance           Hex            15%        N/A       10%         3
 Dazzling Flash           Conj/Hex       16%        N/A       26%         3


Dungeon Overview and Level Annotations

Branches:
Dungeon (2/15)

Altars:
The Shining One


Innate Abilities, Weirdness & Mutations

You have sharp claws.
You have razor-sharp teeth.
You have supernaturally acute eyesight. (SInv)
You cover ground quickly. (Speed+)
You are covered in fur. (AC +1)
Your paws help you pounce on unaware monsters.
You are incapable of wielding weapons or throwing items.
You cannot wear armour.
You gain extra lives every three experience levels.


Message History

The adder closely misses you. The adder misses you.
You barely miss the adder. You bite the adder.
The adder is moderately wounded.
A rat comes into view.
The adder barely misses you.
You barely miss the adder. Your claw misses the adder. You bite the adder.
The adder is heavily wounded.
The adder barely misses you.
You scratch the adder.
The adder is heavily wounded.
The adder bites you.
You barely miss the adder.
The adder is heavily wounded.
The adder closely misses you. x2
You scratch the adder.
The adder is severely wounded.
The adder barely misses you.
You barely miss the adder.
The adder is severely wounded.
The adder closely misses you.
You barely miss the adder.
The adder is severely wounded.
The adder closely misses you. x2
You barely miss the adder.
The adder is severely wounded.
The adder bites you.
You are poisoned.
The adder poisons you!
You feel sick.
You feel sick. A divine shield forms around you!
You feel sick. The adder closely misses you.
It was a potion of magic.
Magic courses through your body.
* * * LOW HITPOINT WARNING * * *
You feel sick. The adder closely misses you. x2
It was a potion of degeneration.
There was something very wrong with that liquid.
You feel weakened.
You feel dopey.
You feel clumsy.
* * * LOW HITPOINT WARNING * * *
You feel sick. The adder bites you.
You die...

........#
.......
.......+
..#....
......##.......
#........S..
##....#......
#.....+ ...<.
#######.....#
...(
#......S....#
...
#.....@#....#
..
#......###### #
#####'## #.#
#######.#####
#.......#..<#
##.######.###
#.# #.# #.# #.#


You could see an adder.

Vanquished Creatures
  An adder (D:2)
  A dart slug (D:1)
  An endoplasm (D:1)
  2 hobgoblins (D:1)
  2 jackals (D:1)
  A ball python (D:1)
  A bat (D:1)
  3 frilled lizards (D:1)
  2 rats (D:1)
14 creatures vanquished.

Notes
Turn   | Place    | Note
-------+----------+-------------------------------------------
     0 | D:1      | Chimkentus the Felid Enchanter began the quest for the Orb.
     0 | D:1      | Reached XP level 1. HP: 7/7 MP: 4/4
   687 | D:1      | Found a faded altar of an unknown god.
   702 | D:1      | Reached XP level 2. HP: 12/12 MP: 6/6
   705 | D:1      | Learned a level 2 spell: Ensorcelled Hibernation
   858 | D:1      | Reached skill level 1 in Fighting
  1061 | D:1      | Prayed at the altar of an unknown god.
  1061 | D:1      | Became a worshipper of the Shining One
  1061 | D:1      | Reached * piety under the Shining One
  1348 | D:2      | Slain by an adder

Illustrated notes

Levels and vault maps discovered:
D:1:      dpeg_arrival_tiny_a, layout_basic, hellmonk_ecumenical_altar_blasted,
          minmay_tripent
D:2:      layout_basic, minmay_tiny_reverse_x, uniq_robin,
          uniq_crazy_yiuf_cottage

Skill      XL: |  1  2 |
---------------+-------+-----
Fighting       | 1 |  1.1
Dodging        | |  2.8
Stealth        | |  4.3
Unarmed Combat | |  1.2
Spellcasting   | |  2.1
Hexes          | |  4.7
Invocations    | |  0.2

Action                   || total
-------------------------++-------
Melee: Unarmed           ||    51
       Bite              ||     7
 Cast: Ensorcelled Hiber ||     6
Invok: Divine Shield     ||     2
  Use: Potion            ||     2
 Stab: Sleeping          ||     4
Armor: Skin              ||     1
Dodge: Dodged            ||    44
Block: Other             ||     1

Table legend: (Time is in decaauts)
 A = Elapsed time spent in this place.
 B = Non-inter-level travel time spent in this place.
 C = Inter-level travel time spent in this place.
 D = Time resting spent in this place.
 E = Time spent auto-exploring this place.
 F = Levels seen in this place.
 G = Mean time per level.
                   A        B        C        D        E       F      G
               +--------+--------+--------+--------+--------+-----+--------+
         Total |   1220 |   1191 |     29 |    322 |    678 |   2 |  610.0 |
       Dungeon |   1220 |   1191 |     29 |    322 |    678 |   2 |  610.0 |
               +--------+--------+--------+--------+--------+-----+--------+

Top non-repeatable levels by time:
     D:1: 964 daAuts
     D:2: 256 daAuts
